 Dungeon Crawl Stone Soup version 0.21-a0-2-ge494091 (webtiles) character file.

1633 mopl the Arsonist (level 8, -5/41 HPs)
             Began as a Deep Elf Fire Elementalist on May 22, 2017.
             Slain by a bullfrog (6 damage)
             ... on level 7 of the Dungeon.
             The game lasted 00:15:09 (6116 turns).

mopl the Arsonist (Deep Elf Fire Elementalist)      Turns: 6116, Time: 00:15:09

Health: -5/41      AC:  3    Str:  2    XL:     8   Next: 66%
Magic:  12/20      EV: 13    Int: 23    God:
Gold:   267        SH:  0    Dex: 15    Spells: 4/20 levels left

rFire    . . .     SeeInvis .   G - staff of air
rCold    . . .     Gourm    .   (no shield)
rNeg     . . .     Faith    .   B - +0 robe {MR+}
rPois    +         Spirit   .   (no helmet)
rElec    +         Reflect  .   (no cloak)
rCorr    .         Harm     .   H - +0 pair of gloves
MR       +....                  (no boots)
Stlth    ++........             (no amulet)
Regen    0.2/turn               o - ring of poison resistance
MPRegen  0.2/turn               J - -3 ring of strength (curse)

@: no status effects
A: no striking features
a: no special abilities


You were on level 7 of the Dungeon.
You were hungry.

You visited 1 branch of the dungeon, and saw 7 of its levels.

You collected 267 gold pieces.

Inventory:

Hand Weapons
 b - a +0 blowgun
Missiles
 q - 30 poisoned needles
 K - a throwing net (quivered)
Armour
 x - a +0 robe of cold resistance
 B - a +0 robe of magic resistance (worn)
 H - a +0 pair of gloves (worn)
Magical Staves
 G - an uncursed staff of air (weapon)
Jewellery
 o - a ring of poison resistance (left hand)
 y - an uncursed ring of ice
 J - a cursed -3 ring of strength (right hand)
Wands
 d - a wand of polymorph (5/24)
 s - a wand of paralysis (10/24)
 L - a wand of disintegration (0/24)
Scrolls
 e - 2 scrolls of amnesia
 f - 4 scrolls of immolation {unknown}
 g - 2 scrolls of enchant armour {unknown}
 j - a scroll of noise {unknown}
 n - 2 scrolls of blinking {unknown}
 p - 2 scrolls of fear
 r - 3 scrolls of remove curse {unknown}
 u - 2 scrolls of random uselessness {unknown}
 D - a scroll of holy word {unknown}
 F - a scroll of teleportation {unknown}
Potions
 i - 6 potions of haste
 k - 3 potions of mutation {unknown}
 m - a potion of flight
 t - a potion of brilliance
 v - a potion of magic
 w - 2 potions of curing {unknown}
 z - a potion of heal wounds
 A - a potion of agility
 C - a potion of cancellation
 E - a potion of ambrosia
Books
 a - a book of Flames

   Spells                             Type                      Level
   a - Flame Tongue                   Conjuration/Fire             1
   b - Throw Flame                    Conjuration/Fire             2
   c - Conjure Flame                  Conjuration/Fire             3
   d - Inner Flame                    Hexes/Fire                   3
   e - Sticky Flame                   Conjuration/Fire             4
   f - Fireball                       Conjuration/Fire             5
Comestibles
 c - 3 bread rations
 h - 3 meat rations
 l - a royal jelly
 I - 4 chunks of flesh


   Skills:
 - Level 2.4 Dodging
 - Level 2.4 Stealth
 + Level 6.8 Spellcasting
 * Level 7.8 Conjurations
 * Level 8.3 Fire Magic


You had 4 spell levels left.
You knew the following spells:

 Your Spells              Type           Power        Failure   Level  Hunger
a - Flame Tongue          Conj/Fire      #####        1%          1    None
b - Sticky Flame          Conj/Fire      #####...     2%          4    ###....
c - Conjure Flame         Conj/Fire      #####...     1%          3    None
f - Fireball              Conj/Fire      #####.....   8%          5    #####..
h - Inner Flame           Hex/Fire       ####....     4%          3    None


Dungeon Overview and Level Annotations

Branches:
Dungeon (7/15)
 Temple: D:4-7

Altars:
Gozag


Message History

Casting: Sticky Flame
Confirm with . or Enter, or press ? or * to list all spells.
Aiming: Sticky Flame
Press: ? - help, Shift-Dir - straight line, f - bullfrog
Aim: a bullfrog The sticky flame hits the bullfrog.
The bullfrog is moderately wounded.
The bullfrog is covered in liquid flames!
The bullfrog burns!
The bullfrog hits you!
* * * LOW HITPOINT WARNING * * *
The bullfrog barely misses you.
Casting: Sticky Flame
Confirm with . or Enter, or press ? or * to list all spells.
Aiming: Flame Tongue
Press: ? - help, Shift-Dir - straight line, f/p - bullfrog
Aim: a bullfrog (heavily wounded, covered in liquid flames)
The flame tongue hits the bullfrog.
The bullfrog is heavily wounded.
The bullfrog burns!
The bullfrog hits you.
You die...

#.....# #.# ##....#....#
###.....# #.#
#......)##.#h. #.......#
#.# ##...........#
#.#.....#
#.####.#..#..#.#.#
.......#
#....(..#.#......#
#.....#
##......#.#.?#.#.#
#)....# #.####.#.#..#.#
# #.....####.####.#.#..#
. #.#........@Fh#.#.#..#
#.
#).o.......##.....#..#
#...###.......#.#....
####....#####.##.#.#.##.
#.......# #.##.#.#
#.#####.# #.##.$ #.# ...
...... #.# #### ##.###.
#.# .


You could see a bullfrog (burning) and a jackal.

Vanquished Creatures
  Sigmund (D:5)
  Duvessa (D:6)
  A water moccasin (D:6)
  3 ogres
  2 bullfrogs (D:6)
  A scorpion (D:4)
  Dowan (D:6)
  2 howler monkeys
  A bullfrog zombie (D:7)
  3 jellies
  2 hounds
  6 orc wizards
  A centaur skeleton (D:5)
  An iguana (D:5)
  Ijyb (D:3)
  2 worker ants (D:5)
  A worker ant zombie (D:6)
  A howler monkey zombie (D:6)
  3 gnolls (D:6)
  7 adders
  A howler monkey skeleton (D:7)
  A shadow imp (D:7)
  A white imp (D:5)
  An ooze (D:2)
  3 worms
  4 leopard geckos
  17 orcs
  A ball python (D:4)
  5 bats
  3 giant cockroaches
  7 goblins
  5 hobgoblins
  6 jackals
  A quokka (D:5)
  3 frilled lizards
  A jackal skeleton (D:6)
  3 kobolds
  A leopard gecko skeleton (D:4)
  11 rats
116 creatures vanquished.

Notes
Turn   | Place    | Note
-------+----------+-------------------------------------------
     0 | D:1      | mopl the Deep Elf Fire Elementalist began the quest for the Orb.
     0 | D:1      | Reached XP level 1. HP: 10/10 MP: 6/6
   466 | D:1      | Reached skill level 2 in Conjurations
   491 | D:1      | Reached XP level 2. HP: 15/15 MP: 6/8
   837 | D:2      | Found a faded altar of an unknown god.
  1001 | D:2      | Reached XP level 3. HP: 10/19 MP: 7/9
  1006 | D:2      | Learned a level 3 spell: Conjure Flame
  1234 | D:2      | Reached skill level 4 in Fire Magic
  1547 | D:3      | Reached XP level 4. HP: 20/24 MP: 7/11
  1595 | D:3      | Noticed Ijyb
  1636 | D:3      | Killed Ijyb
  1636 | D:3      | Reached skill level 3 in Conjurations
  1648 | D:3      | Learned a level 4 spell: Sticky Flame
  1831 | D:3      | Reached skill level 4 in Spellcasting
  1831 | D:3      | Reached XP level 5. HP: 28/28 MP: 8/13
  2151 | D:3      | Reached skill level 4 in Conjurations
  2325 | D:3      | Learned a level 3 spell: Inner Flame
  2620 | D:4      | Reached skill level 5 in Fire Magic
  2630 | D:4      | Reached XP level 6. HP: 29/32 MP: 6/14
  3414 | D:5      | Entered Level 5 of the Dungeon
  3502 | D:5      | Reached skill level 5 in Conjurations
  3683 | D:5      | Reached skill level 5 in Spellcasting
  3784 | D:5      | Noticed Sigmund
  4123 | D:6      | Noticed Duvessa
  4123 | D:6      | Noticed a water moccasin
  4126 | D:6      | Noticed Dowan
  4128 | D:6      | Killed a water moccasin
  4128 | D:6      | Reached XP level 7. HP: 36/36 MP: 8/16
  4137 | D:6      | Killed Dowan
  4137 | D:6      | Reached skill level 6 in Fire Magic
  4161 | D:6      | Killed Duvessa
  4161 | D:6      | Reached skill level 6 in Conjurations
  4704 | D:6      | Reached skill level 7 in Fire Magic
  4848 | D:6      | Found an opulent altar of Gozag.
  5152 | D:6      | Reached XP level 8. HP: 16/41 MP: 14/18
  5321 | D:6      | Learned a level 5 spell: Fireball
  5400 | D:6      | Reached skill level 6 in Spellcasting
  5575 | D:5      | Killed Sigmund
  5575 | D:5      | Reached skill level 7 in Conjurations
  5926 | D:7      | Reached skill level 8 in Fire Magic
  6115 | D:7      | HP: 1/41 [bullfrog (7)]
  6116 | D:7      | Slain by a bullfrog

Vault maps used:
D:1:      scummos_arrival_hexagon
D:2:      chequers_ecumenical_altar_simple, first_bread
D:3:      uniq_ijyb
D:5:      uniq_sigmund
D:6:      basic_altar, uniq_duvessa
D:7:      minmay_temple_entry_glassed_door, grunt_ministairs_6

Skill      XL: |  1  2  3  4  5  6  7  8 |
---------------+-------------------------+-----
Conjurations   | 2 3 4 5 6 7 |  7.8
Fire Magic     | 4 5 7 8 |  8.3
Spellcasting   | 4 5 6 |  6.8
Dodging        | |  2.4
Stealth        | |  2.4

Action                   |  1- 3 |  4- 6 |  7- 9 || total
-------------------------+-------+-------+-------++-------
Melee: Unarmed           |       |    43 |       ||    43
       Staff             |       |       |    19 ||    19
Throw: Throwing net      |       |     1 |       ||     1
 Cast: Flame Tongue      |    54 |   115 |    63 ||   232
       Sticky Flame      |       |     5 |    17 ||    22
       Conjure Flame     |       |     4 |     1 ||     5
Evoke: Wand              |       |     1 |    10 ||    11
  Use: Scroll            |       |     3 |     7 ||    10
       Potion            |       |       |     1 ||     1
 Stab: Paralysed         |       |     9 |       ||     9
  Eat: Chunk             |     1 |     9 |     4 ||    14
       Royal jelly       |       |       |     2 ||     2
Armor: Robe              |     2 |     8 |    12 ||    22
       Skin              |       |     2 |       ||     2
Dodge: Dodged            |    14 |    70 |    51 ||   135
